 Dungeon Crawl Stone Soup version 0.29.1-13-g9f3cf754e1 (webtiles) character file.

Game seed: 11334056239515226603

213 leafyfresh the Magician (level 6, -8/40 HPs)
             Began as a Djinni Ice Elementalist on Feb 3, 2023.
             Mangled by an ogre
             ... wielding a +0 giant club
              (11 damage)
             ... on level 4 of the Dungeon.
             The game lasted 00:03:18 (1137 turns).

leafyfresh the Magician (Djinni Ice Elementalist)   Turns: 1137, Time: 00:03:18

Health: -8/40      AC:  2    Str:  7    XL:     6   Next: 14%
Gold:   64         EV: 12    Int: 18    God:
                   SH:  0    Dex: 14

rFire   + + .      SeeInvis .   g - +0 dagger
rCold   x . .      Faith    .   (no shield)
rNeg    . . .      Spirit   .   a - +0 robe
rPois   ∞          Reflect  .   (no helmet)
rElec   .          Harm     .   (no cloak)
rCorr   .          Rampage  .   (no gloves)
Will    .....                   (boots unavailable)
Stlth   ++........              b - amulet of regeneration
HPRegen 0.93/turn               (no ring)
MPRegen 0.00/turn               (no ring)

@: flying
A: sickness immunity, fire resistance 2, cold vulnerability 1, float, innate
caster, HP casting, extra vitality 1
a: no special abilities


You were on level 4 of the Dungeon.
You visited 1 branch of the dungeon, and saw 3 of its levels.

You collected 64 gold pieces.

Inventory:

Hand Weapons
 g - a +0 dagger (weapon)
Armour
 a - a +0 robe (worn)
 e - a +0 buckler
 l - a scarf of harm
Jewellery
 b - an amulet of regeneration (around neck)
Scrolls
 c - 2 scrolls of teleportation {unknown}
 h - a scroll of fear {unknown}
Potions
 d - a potion of haste {unknown}
 f - a potion of curing {unknown}
 i - a potion of heal wounds {unknown}
 j - a potion of might {unknown}
 k - 2 potions of flight {unknown}
 m - a potion of lignification {unknown}


   Skills:
 - Level 2.1 Dodging
 - Level 1.5 Stealth
 + Level 5.4 Spellcasting


You had one spell level left.
You knew the following spells:

 Your Spells              Type           Power      Damage    Failure   Level
a - Freeze                Ice            96%        1d11      1%          1
b - Frozen Ramparts       Ice            48%        1d8       4%          3
c - Ozocubu's Armour      Ice            24%        N/A       4%          3
d - Hailstorm             Conj/Ice       24%        3d7       14%         4
e - Apportation           Tloc           48%        N/A       1%          1
f - Call Imp              Summ           24%        N/A       1%          2
Your spell library was empty.

Dungeon Overview and Level Annotations

Branches:
Dungeon (2/15)

Altars:

Shops:
D:1 (


Innate Abilities, Weirdness & Mutations

You are immune to sickness and miasma.
You are immune to poison.
Your flesh is very heat resistant. (rF++)
You are vulnerable to cold. (rC-)
You float through the air rather than walking.
You learn spells naturally, not from books.
Your magical power is your life essence.
You have superior vitality. (+4 MHP)


Message History

The scorpion misses you.
You hit the scorpion but do no damage.
The scorpion is severely wounded.
The wall freezes the scorpion.
The scorpion stings you.
You hit the scorpion but do no damage.
The scorpion is almost dead.
The wall freezes the scorpion.
The scorpion closely misses you.
The wall freezes the scorpion.
The scorpion stings you.
You closely miss the scorpion.
The scorpion is almost dead.
The wall freezes the scorpion.
You kill the scorpion!
You have reached level 6!
Key pressed, stopping explore.
No target in view!
The frozen ramparts melt away.
k - 2 bubbling clear potions (gained 1)
An ogre comes into view. It is wielding a +0 giant club.
The ogre shouts!
The ogre moves out of view.
You see here a scorpion corpse.
No target in view!
Found 2 fuming green potions.
The ogre hits you with a +0 giant club!!!
Ouch! That really hurt!
* * * LOW HITPOINT WARNING * * *
An ogre is nearby!
You are too injured to fight recklessly!
An ogre is nearby!
Unknown command.
Casting: Frozen Ramparts (dangerous; 4% risk of failure)
Confirm with . or Enter, or press ? or * to list all spells.
Okay, then.
Casting: Frozen Ramparts (dangerous; 4% risk of failure)
Confirm with . or Enter, or press ? or * to list all spells.
A beastly little devil appears in a puff of flame.
* * * LOW HITPOINT WARNING * * *
Unknown command.
The ogre attacks as you move away! The ogre hits you with a +0 giant club!
You die...

#)# #.# ######## #)#
#......# #.########
#......####.#.......
#...)..'....#.!.....
#####......######.......
..........##<####O......
..............†.@.5.$...
####.........#########.#
#.###.####......# #.
#... #.####.# #.
#..#.#.# # #. #..# #.#
#. #..# #.# [. ... #.#


You could see an ogre (ally target) and a friendly crimson imp (summoned).

Vanquished Creatures
  Blork the orc (D:4)
  A scorpion (D:4)
  Natasha (D:2)
  An orc wizard (D:4)
  3 dart slugs (D:1)
  4 orcs (D:4)
  A bat (D:1)
  4 endoplasms
  A giant cockroach (D:1)
  6 goblins
  4 hobgoblins
  2 quokkas
  A ball python (D:4)
  3 frilled lizards
  2 kobolds
  2 rats
37 creatures vanquished.

Vanquished Creatures (others)
  8 plants (D:2)
8 creatures vanquished.

Grand Total: 45 creatures vanquished

Notes
Turn   | Place    | Note
-------+----------+-------------------------------------------
     0 | D:1      | leafyfresh the Djinni Ice Elementalist began the quest for
                  | the Orb.
     0 | D:1      | leafyfresh set off with the following spells memorised:
                  | Freeze, Frozen Ramparts, Ozocubu's Armour, Hailstorm.
     0 | D:1      | Reached XP level 1. HP: 15/15 MP: 0/0
   148 | D:1      | Found Juolof's Weapon Boutique.
   257 | D:1      | Reached XP level 2. HP: 18/21 MP: 0/0
   459 | D:1      | Reached XP level 3. HP: 25/25 MP: 0/0
   459 | D:1      | Learned a level 1 spell: Apportation
   877 | D:2      | Reached skill level 4 in Spellcasting
   907 | D:2      | Noticed Natasha
   918 | D:2      | Killed Natasha
   919 | D:2      | Reached XP level 4. HP: 11/31 MP: 0/0
   972 | D:2      | You are sucked into a shaft and drop 2 floors!
   980 | D:4      | Noticed Blork the orc
   992 | D:4      | Killed Blork the orc
   993 | D:4      | Reached XP level 5. HP: 21/35 MP: 0/0
   993 | D:4      | Learned a level 2 spell: Call Imp
  1066 | D:4      | Reached skill level 5 in Spellcasting
  1109 | D:4      | Reached XP level 6. HP: 28/40 MP: 0/0
  1133 | D:4      | Noticed an ogre
  1137 | D:4      | Mangled by an ogre

Illustrated notes

Levels and vault maps discovered:
D:1:      heliophobic_arrival_glass_houses, layout_loops_ring, serial_shops,
          nicolae_shop_statue_plus, minmay_tetromino_o2
D:2:      layout_basic, minmay_misc_feat_rugged, minmay_lizard_king,
          uniq_natasha, uniq_robin
D:4:      layout_basic, serial_shops, kennysheep_mini, uniq_blork_the_orc

Skill      XL: |  1  2  3  4  5 |
---------------+----------------+-----
Spellcasting   | 4 5 |  5.4
Dodging        | |  2.1
Stealth        | |  1.5

Action                   |  1- 3 |  4- 6 || total
-------------------------+-------+-------++-------
Melee: Unarmed           |     7 |       ||     7
       Dagger            |    24 |    21 ||    45
 Cast: Freeze            |    26 |     2 ||    28
       Frozen Ramparts   |     1 |     5 ||     6
       Hailstorm         |       |     2 ||     2
       Ozocubu's Armour  |       |     1 ||     1
       Call Imp          |       |     1 ||     1
 Stab: Sleeping          |     2 |       ||     2
Armor: Robe              |     5 |       ||     5
Dodge: Dodged            |    24 |    20 ||    44
